 Dungeon Crawl Stone Soup version 0.31-a0-145-g046c7d2549 (webtiles) character file.

Game seed: 16435011447189407533

49 qw the Shooter (level 3, -1/31 HPs)
             Began as a Minotaur Hunter on June 7, 2023.
             Slain by an orc priest
             ... wielding a +0 short sword
              (2 damage)
             ... on level 3 of the Dungeon.
             The game lasted 00:00:31 (1842 turns).

qw the Shooter (Minotaur Hunter)                    Turns: 1842, Time: 00:00:32

Health: -1/31      AC:  6    Str: 15    XL:     3   Next: 53%
Magic:  2/2        EV: 11    Int:  6    God:
Gold:   64         SH:  0    Dex: 15    Spells: 2/2 levels left

rFire   + . .        Y - +0 shortbow
rCold   . . .        (shield currently unavailable)
rNeg    . . .        f - +1 ring mail {rF+}
rPois   .            (helmet restricted)
rElec   .            (no cloak)
rCorr   .            (no gloves)
SInv    +            (no boots)
Will    .....        (no amulet)
Stlth   +            e - ring of see invisible
HPRegen 0.25/turn    (no ring)
MPRegen 0.08/turn

%: no passive effects
@: about to teleport
A: horns 2, retaliatory headbutt
a: no special abilities


You were on level 3 of the Dungeon.
You visited 1 branch of the dungeon, and saw 3 of its levels.

You collected 64 gold pieces.


Innate Abilities, Weirdness & Mutations

You have a pair of horns on your head.
You reflexively headbutt those who attack you in melee.


   Skills:
 - Level 3.0 Fighting
 + Level 5.5 Ranged Weapons
 - Level 1.0 Armour
 - Level 2.1 Dodging
 - Level 0.7 Stealth


You had 2 spell levels left.
You didn't know any spells.
Your spell library was empty.

Inventory:

Hand Weapons
 Y - a +0 shortbow (weapon)
Armour
 f - a +1 ring mail of fire resistance (worn)
Jewellery
 e - a ring of see invisible (left hand)
Scrolls
 a - a scroll of enchant armour
 c - a scroll of fog {unknown}
Potions
 d - a potion of ambrosia {unknown}
 g - a potion of haste {unknown}
 h - a potion of attraction {unknown}

Dungeon Overview and Level Annotations

Branches:
Dungeon (3/15)

Altars:

Annotations:
D:1 1 transporter


Message History

The orc is severely wounded.
The orc hits you but does no damage.
You shoot an arrow.
The arrow hits the orc but does no damage.
The orc is severely wounded.
You shoot an arrow. The arrow hits the orc.
The orc is almost dead.
The orc closely misses you. The orc hits you but does no damage.
The orc closely misses you. The orc hits you with a +0 flail!
You shoot an arrow.
The arrow hits the orc but does no damage.
The orc is almost dead.
The orc barely misses you. The orc hits you but does no damage.
You shoot an arrow. The arrow hits the orc.
You kill the orc!
You shoot an arrow. The arrow hits the orc priest.
The orc priest is lightly wounded.
The orc priest hits you with a +0 short sword.
The orc hits you but does no damage.
You shoot an arrow. The arrow hits the orc priest!
The orc priest is heavily wounded.
The orc priest hits you with a +0 short sword.
The orc hits you but does no damage. The orc hits you with a +0 flail.
The orc priest hits you but does no damage.
You shoot an arrow. The arrow hits the orc priest.
The orc priest is severely wounded.
The orc barely misses you.
The orc priest invokes the aid of Beogh against you.
Beogh smites you!
1841 ||| READING scroll of teleportation.
As you read the scroll of teleportation, it crumbles to dust.
You feel strangely unstable.
The orc priest hits you but does no damage.
The orc hits you with a +0 flail.
You shoot an arrow.
The arrow closely misses the orc priest.
The arrow hits the giant cockroach.
The giant cockroach is almost dead.
The orc priest hits you with a +0 short sword.
You die...

### #.. # #.# ..
#.# ... #.# ....
#.# .....
###.####.##.
......#o..........
.....Bo@#.####...(
..#######.# # #.#
#######.######.#
................
#######.#.####.#
#.# #...#.# #.#
#.###.# ### #.#
#.# #.#


You could see an orc priest, an orc and a giant cockroach.

Vanquished Creatures
  A worm (D:2)
  2 dart slugs (D:2)
  An orc (D:3)
  4 endoplasms
  3 giant cockroaches (D:1)
  4 hobgoblins
  2 kobolds (D:1)
  2 quokkas
  5 ball pythons (D:1)
  5 bats
  A frilled lizard (D:1)
  5 goblins
  5 rats
40 creatures vanquished.

Notes
Turn   | Place    | Note
-------+----------+-------------------------------------------
     0 | D:1      | qw the Minotaur Hunter began the quest for the Orb.
     0 | D:1      | Reached XP level 1. HP: 18/18 MP: 0/0
     0 | D:1      | 0 ||| qw: Version: 0.2-a-117-gc6b5c8b
     0 | D:1      | 0 ||| qw: Game counter: 2480
     0 | D:1      | 0 ||| qw: Always use a shield: true
     0 | D:1      | 0 ||| qw: God list: Okawaru
     0 | D:1      | 0 ||| qw: Allow faded altars: false
     0 | D:1      | 0 ||| qw: Do Orc after D:15 true
     0 | D:1      | 0 ||| qw: Do second Lair branch before Depths: true
     0 | D:1      | 0 ||| qw: Lair rune preference: random
     0 | D:1      | 0 ||| qw: Plans: Normal
     0 | D:1      | 0 ||| PLANNING D:1-11
   168 | D:1      | Reached XP level 2. HP: 20/25 MP: 1/1
   216 | D:1      | Reached skill level 5 in Ranged Weapons
   263 | D:1      | Reached skill level 3 in Fighting
   533 | D:1      | Reached XP level 3. HP: 31/31 MP: 2/2
   737 | D:1      | 737 ||| UPGRADING to +1 ring mail of fire resistance.
   747 | D:1      | 747 ||| DROPPING +0 leather armour.
   748 | D:1      | 748 ||| UPGRADING to ring of see invisible.
   749 | D:1      | 749 ||| READING scroll labelled NYZEUTSOSA.
   750 | D:1      | 750 ||| DROPPING scroll of butterflies.
   974 | D:2      | Reached skill level 1 in Armour
   994 | D:2      | Found a faded altar of an unknown god.
  1688 | D:2      | 1688 ||| READING scroll labelled LAMOCVOTOU.
  1691 | D:2      | 1691 ||| READING scroll labelled TINLAU JIGGO.
  1840 | D:3      | HP: 6/31 [orc priest/divine providence (9)]
  1841 | D:3      | 1841 ||| READING scroll of teleportation.
  1841 | D:3      | HP: 1/31 [orc/+0 flail (5)]
  1842 | D:3      | Slain by an orc priest

Levels and vault maps discovered:
D:1:      spicycebolla_arrival_risky_transporter, layout_loops_ring
D:2:      layout_loops_corners, shapermc_ecumenical_altar_ellora
D:3:      layout_basic, gammafunk_ghost_mausoleum

Skill      XL: |  1  2  3 |
---------------+----------+-----
Ranged Weapons | 5 |  5.5
Fighting       | 3 |  3.0
Armour         | 1 |  1.0
Dodging        | |  2.1
Stealth        | |  0.7

Action                     || total
---------------------------++-------
   Fire: Shortbow          ||   113
    Use: Scroll            ||     4
 Armour: Leather armour    ||     9
         Ring mail         ||    15
  Dodge: Dodged            ||    37

Table legend:
 A = Non-vault XP
 B = Vault XP
 C = Vault XP percentage of total XP
 D = Non-vault monster count
 E = Vault monster count
 F = Vault count percentage of total count
                 A         B        C        D         E       F
            +---------+---------+-------+---------+---------+-------
      Total |      71 |       0 |   0.0 |      40 |       0 |   0.0
            +---------+---------+-------+---------+---------+-------
        D:1 |      43 |       0 |   0.0 |      29 |       0 |   0.0
        D:2 |      21 |       0 |   0.0 |       8 |       0 |   0.0
        D:3 |       7 |       0 |   0.0 |       3 |       0 |   0.0
            +---------+---------+-------+---------+---------+-------
